 Dungeon Crawl Stone Soup version 0.31.0-9-g3a7656b989 (webtiles) character file.

Game seed: 4038681769613365635

63031 MrIGI the Brawler (level 14, 0/131 HPs)
             Began as a Troll Fighter on Feb 1, 2024.
             Was a Priest of Wu Jian.
             Slain by a vault guard
             ... wielding a +3 great sword
              (22 damage)
             ... on level 12 of the Dungeon.
             The game lasted 01:23:12 (20364 turns).

MrIGI the Brawler (Troll Fighter)                  Turns: 20364, Time: 01:23:13

Health: 0/131      AC:  8    Str: 37    XL:     14   Next: 66%
Magic:  13/13      EV: 10    Int:  4    God:    Wu Jian [***...]
Gold:   1517       SH: 10    Dex:  9    Spells: 13/13 levels left

rFire   + .          .
                       - Unarmed
rCold   + . .        d - +0 kite shield
rNeg    . . .        m - +0 acid dragon scales
rPois   +            (helmet restricted)
rElec   .            G - scarf {rC+ rF+}
rCorr   +            (gloves unavailable)
SInv    .            (boots unavailable)
Will    +....        e - amulet of regeneration
Stlth   +            i - +6 ring of strength
HPRegen 2.01/turn    E - ring of poison resistance
MPRegen 0.13/turn

%: no passive effects
@: no status effects
A: large, unfitting armour, claws 3, regeneration 1, shaggy fur 1, tough skin 1
a: Renounce Religion, Wall Jump, Serpent's Lash


You were on level 12 of the Dungeon.
You worshipped Wu Jian.
Wu Jian was most pleased with you.
You visited 7 branches of the dungeon, and saw 25 of its levels.
You also visited: Bailey.

You collected 1550 gold pieces.
You spent 33 gold pieces at shops.

Inventory:

Missiles
 k - 2 throwing nets (quivered)
 R - a curare-tipped dart
Armour
 d - a +0 kite shield (worn)
 m - +0 acid dragon scales (worn)
 o - a +1 troll leather armour
 x - a +2 robe of cold resistance
 G - a scarf of resistance (worn)
Jewellery
 a - an amulet of magic regeneration
 e - an amulet of regeneration (around neck)
 i - a +6 ring of strength (left claw)
 E - a ring of poison resistance (right claw)
 M - a ring of ice
 U - an amulet of faith
 X - a ring of magical power
 Z - a ring of protection from fire
Talismans
 q - a maw talisman
Wands
 t - a wand of polymorph (8)
 A - a wand of light (6)
 H - a wand of charming (12)
 Q - a wand of iceblast (24)
 V - a wand of mindburst (25)
 Y - a wand of flame (11)
Scrolls
 f - a scroll of amnesia {unknown}
 j - 6 scrolls of teleportation
 n - 4 scrolls of poison
 r - a scroll of revelation
 s - 5 scrolls of enchant armour
 u - 2 scrolls of immolation
 y - 2 scrolls of noise
 B - a scroll of silence {unknown}
 F - 2 scrolls of torment
 K - a scroll of brand weapon
 L - 3 scrolls of fear
 P - 3 scrolls of vulnerability
 S - a scroll of butterflies {unknown}
 T - a scroll of blinking {unknown}
Potions
 c - 3 potions of might
 g - a potion of lignification
 h - 3 potions of curing
 l - 5 potions of attraction
 p - 2 potions of invisibility
 v - 5 potions of haste
 w - 3 potions of magic {unknown}
 z - 2 potions of heal wounds
 C - 2 potions of degeneration {unknown}
 D - a potion of mutation {unknown}
 I - 2 potions of resistance {unknown}
 J - a potion of experience {unknown}
 N - a potion of enlightenment {unknown}
 O - a potion of brilliance {unknown}
Miscellaneous
 b - a phantom mirror


   Skills:
 + Level 6.8 Fighting
 + Level 2.4 Throwing
 + Level 6.9 Dodging
 + Level 9.2 Shields
 * Level 20.9 Unarmed Combat
 + Level 3.5 Evocations


You had 13 spell levels left.
You didn't know any spells.
Your spell library contained the following spells:

 Spells                   Type           Power      Damage    Failure   Level
 Foxfire                  Conj/Fire      0%         2x1d4     69%         1
 Necrotise                Necr           0%         1d4       69%         1
 Shock                    Conj/Air       0%         1d3       69%         1
 Slow                     Hex            0%         N/A       69%         1
 Lesser Beckoning         Tloc           0%         N/A       83%         2
 Confusing Touch          Hex            0%         N/A       96%         3
 Dazzling Flash           Conj/Hex       0%         N/A       96%         3
 Fugue of the Fallen      Necr           0%         N/A       96%         3
 Gell's Gravitas          Tloc           0%         N/A       96%         3
 Mephitic Cloud           Conj/Alch/Air  0%         N/A       96%         3
 Ozocubu's Armour         Ice            0%         N/A       96%         3
 Sigil of Binding         Hex            0%         N/A       96%         3
 Swiftness                Air            0%         N/A       96%         3
 Teleport Other           Tloc           0%         N/A       96%         3
 Vampiric Draining        Necr           0%         2d6       96%         3
 Airstrike                Air            0%         2d(0-16)  100%        4
 Manifold Assault         Tloc           0%         N/A       100%        4
 Martyr's Knell           Necr/Summ      0%         N/A       100%        4
 Curse of Agony           Necr           0%         N/A       100%        5
 Silence                  Hex/Air        0%         N/A       100%        5
 Plasma Beam              Fire/Air       0%         2x1d10    100%        6
 Starburst                Conj/Fire      0%         6d3       100%        6
 Malign Gateway           Summ/Tloc      0%         N/A       100%        7
 Summon Horrible Things   Summ           0%         N/A       100%        8


Dungeon Overview and Level Annotations

Branches:
Dungeon (13/15)            Temple (1/1) D:6            Lair (5/5) D:10
  Swamp (1/4) Lair:3       Spider (3/4) Lair:2        Slime (1/5) Lair:5
    Orc (1/2) D:12         Vaults (0/5) D:13         Bailey (visited)

Altars:
Ashenzari
Cheibriados
Dithmenos
Elyvilon
Fedhas
Gozag
Hepliaklqana
Kikubaaqudgha
Makhleb
Nemelex Xobeh
Okawaru
Qazlal
Ru
Sif Muna
Trog
Uskayaw
Vehumet
Wu Jian
Xom
Yredelemnul
Zin
The Shining One
Jiyva

Shops:
D:2 ([**(   D:7 (((   D:10 *

Annotations:
D:6 2 transporters, vytenis3d's ghost, novice HOFi
D:10 2 transporters, kalagan's ghost, novice DECj
D:11 Rupert


Innate Abilities, Weirdness & Mutations

You are too large for most types of armour.
You have claws for hands.
Your natural rate of healing is unusually fast.
You are covered in fur. (AC +1)
You have tough skin. (AC +1)


Message History

The Council accepts your kill.
You can now briefly move at supernatural speeds.
The vault guard attacks as it pursues you!
You block the vault guard's attack.
You mangle the vault guard!!
The vault guard is moderately wounded.
You block the vault guard's attack.
You closely miss the vault guard.
The vault guard is moderately wounded.
You barely miss the vault guard.
The vault guard is moderately wounded.
The vault guard barely misses you.
You scratch the vault guard but do no damage.
The vault guard is moderately wounded.
The vault guard hits you with a +3 great sword.
You claw the vault guard!
The vault guard is heavily wounded.
There is a stone staircase leading up here.
The vault guard hits you with a +3 great sword!!
You climb upwards.
There is a stone staircase leading down here.
You claw the vault guard!
The vault guard is severely wounded.
The vault guard hits you with a +3 great sword!!
* * * LOW HITPOINT WARNING * * *
You closely miss the vault guard.
The vault guard is severely wounded.
You closely miss the vault guard.
The vault guard is severely wounded.
The vault guard hits you with a +3 great sword!!
* * * LOW HITPOINT WARNING * * *
You claw the vault guard!
The vault guard is almost dead.
You block the vault guard's attack.
You scratch the vault guard but do no damage.
The vault guard is almost dead.
The vault guard closely misses you.
The vault guard attacks as it pursues you!
The vault guard hits you with a +3 great sword!!
You die...

#............................#
#............................###
#..............................#
#............................#.#
####........................##.#
#...........................#
#........................####
#........................#
#............@...........#
#............p...........#
##............>...........####
#............................#
#.........................^..#
###............................#
......###################......#
###...# #......# ##### #......#


You could see a vault guard.

Vanquished Creatures
  The ghost of Ukamephe the Severer, a journeyman MiFi of Zin (Lair:2)
  A ghost crab (Spider:1)
  3 vault guards
  3 catoblepae (Lair:5)
  4 boulder beetles
  10 death yaks
  Nergalle (D:12)
  Lodul (D:11)
  3 skysharks
  A steelbarb worm (Spider:1)
  2 deep elf pyromancers (D:12)
  2 orc knights (Bailey)
  2 manticores (Lair:5)
  2 ugly things
  3 cyclopes
  Maurice (D:11)
  4 wolf spiders
  15 elephants
  The ghost of HehFate the Magician, a novice DEAl of Sif Muna (D:9)
  2 torpor snails (Spider:1)
  4 black mambas
  2 gargoyles
  17 cane toads
  A kobold demonologist (D:8)
  3 rime drakes
  Jeremiah (Lair:1)
  An unseen horror (D:11)
  3 komodo dragons
  5 trolls
  Psyche (D:11)
  2 polar bears (Lair:5)
  7 tarantellas
  A hornet (D:9)
  Prince Ribbit (Lair:1)
  5 dream sheep
  2 jumping spiders
  4 blink frogs (Lair:1)
  Sigmund (D:6)
  8 slime creatures (D:12)
  A shadow (D:10)
  2 wyverns
  A wraith (D:9)
  43 yaks
  3 culicivoras
  3 basilisks
  2 steam dragons (D:9)
  4 vampire mosquitoes
  2 redbacks
  A swamp worm (Lair:3)
  2 acid dragons (D:12)
  14 water moccasins
  2 black bears
  An ice beast (D:8)
  A sky beast (D:8)
  13 orc warriors
  8 ogres
  20 wolves
  A centaur (D:5)
  Blork the orc (D:4)
  2 phantoms
  3 kobold brigands (D:9)
  14 bullfrogs
  A gnoll sergeant (D:9)
  3 scorpions
  20 killer bees
  2 electric eels
  4 howler monkeys
  A vampire bat (D:3)
  4 hounds
  A bombardier beetle (D:7)
  12 orc priests
  2 gnoll boudas
  2 iguanas
  Ijyb (D:3)
  Natasha (twice) (D:2)
  2 sleepcaps
  13 orc wizards
  Robin (D:3)
  12 gnolls
  8 adders
  A shadow imp (D:7)
  A white imp (D:4)
  4 ribbon worms
  5 dart slugs
  3 fire bats (D:3)
  60 orcs
  2 spectral bats (D:3)
  17 bats
  3 bat skeletons (D:3)
  A bat zombie (D:3)
  8 endoplasms
  3 giant cockroaches
  18 goblins
  11 hobgoblins
  4 jackals (D:2)
  16 kobolds
  2 quokkas
  6 ball pythons
  A bat simulacrum (D:3)
  2 frilled lizards (D:1)
  2 rats (D:1)
536 creatures vanquished.

Notes
Turn   | Place    | Note
-------+----------+-------------------------------------------
     0 | D:1      | MrIGI the Troll Fighter began the quest for the Orb.
     0 | D:1      | Reached XP level 1. HP: 22/22 MP: 0/0
   136 | D:1      | Reached XP level 2. HP: 26/29 MP: 1/1
   683 | D:1      | Found a faded altar of an unknown god.
   802 | D:1      | Reached XP level 3. HP: 36/36 MP: 2/2
  1002 | D:2      | Found Zoesy's Armour Shop.
  1018 | D:2      | Found Forunir's Weapon Shop.
  1057 | D:2      | Found Orghuos's Weapon Boutique.
  1065 | D:2      | Bought a throwing net for 33 gold pieces
  1154 | D:2      | Found Bagg's Assorted Antiques.
  1162 | D:2      | Reached skill level 3 in Unarmed Combat
  1316 | D:2      | Found Ahacziwn's Assorted Antiques.
  1321 | D:2      | Reached XP level 4. HP: 44/44 MP: 3/3
  1367 | D:2      | Noticed Natasha
  1378 | D:2      | Killed Natasha
  1646 | D:2      | Noticed Natasha
  1653 | D:2      | Killed Natasha
  1654 | D:2      | Reached XP level 5. HP: 44/50 MP: 4/4
  1778 | D:3      | Reached skill level 4 in Unarmed Combat
  1830 | D:3      | Noticed Robin
  1841 | D:3      | Killed Robin
  2030 | D:3      | Reached XP level 6. HP: 59/59 MP: 5/5
  2132 | D:3      | Noticed Ijyb
  2143 | D:3      | Killed Ijyb
  2144 | D:3      | Reached skill level 5 in Unarmed Combat
  2969 | D:4      | Noticed an orc warrior
  2978 | D:3      | Killed an orc warrior
  2979 | D:3      | Reached XP level 7. HP: 30/66 MP: 6/6
  3105 | D:4      | Reached skill level 6 in Unarmed Combat
  3147 | D:4      | Noticed Blork the orc
  3153 | D:4      | Killed Blork the orc
  3177 | D:4      | Found a radiant altar of Vehumet.
  3426 | D:5      | Entered Level 5 of the Dungeon
  4147 | D:5      | Reached skill level 7 in Unarmed Combat
  4168 | D:5      | Reached XP level 8. HP: 25/75 MP: 7/7
  5018 | D:5      | Reached skill level 8 in Unarmed Combat
  5289 | D:6      | Noticed Sigmund
  5303 | D:6      | Killed Sigmund
  5304 | D:6      | Reached skill level 5 in Shields
  5344 | D:6      | Found a sacrificial altar of Ru.
  5412 | D:6      | Found a transporter.
  5422 | D:6      | Noticed vytenis3d's ghost (novice HOFi)
  5442 | D:6      | Reached skill level 9 in Unarmed Combat
  5478 | D:6      | Found a transporter.
  5902 | D:6      | Found a stormy altar of Qazlal.
  5985 | D:6      | Found a staircase to the Ecumenical Temple.
  5990 | Temple   | Entered the Ecumenical Temple
  6438 | D:7      | Reached XP level 9. HP: 81/81 MP: 8/8
  6683 | D:7      | Reached skill level 10 in Unarmed Combat
  6763 | D:8      | Found a flagged portal.
  6768 | Bailey   | Entered a bailey
  7132 | Bailey   | Noticed an orc knight
  7132 | Bailey   | Noticed an orc knight
  7174 | Bailey   | Killed an orc knight
  7175 | Bailey   | Reached skill level 11 in Unarmed Combat
  7268 | Bailey   | Reached skill level 5 in Dodging
  7408 | Bailey   | Killed an orc knight
  7409 | Bailey   | Reached XP level 10. HP: 87/91 MP: 9/9
  7547 | D:7      | Found Cahioz's Antique Weapon Boutique.
  7547 | D:7      | Found Doarutidghi's Weapon Boutique.
  7547 | D:7      | Found Agamp's Antique Weapon Boutique.
  7659 | D:7      | Reached skill level 12 in Unarmed Combat
  8750 | D:8      | Found a hide-covered altar of Uskayaw.
  8750 | D:8      | Found a broken altar of Ashenzari.
  8751 | D:8      | Found a glowing silver altar of Zin.
  8935 | D:9      | Paralysed by a hornet for 1 turns
  9004 | D:9      | Found a glowing golden altar of the Shining One.
  9154 | D:9      | Reached skill level 13 in Unarmed Combat
  9190 | D:9      | Reached skill level 1 in Evocations
  9318 | D:9      | Found a large runed translucent door.
  9318 | D:9      | Found a large runed translucent door.
  9319 | D:9      | Noticed HehFate's ghost (novice DEAl)
  9335 | D:9      | Killed HehFate's ghost
  9465 | D:10     | Entered Level 10 of the Dungeon
  9541 | D:10     | Reached XP level 11. HP: 64/100 MP: 10/10
  9671 | D:10     | Found Horye's Assorted Antiques.
  9846 | D:10     | Noticed a deep elf pyromancer
  9849 | D:10     | Noticed kalagan's ghost (novice DECj)
  9851 | D:10     | Noticed a centaur warrior
  9852 | D:10     | Noticed a yaktaur captain
  9854 | D:10     | Found a transporter.
  9857 | D:10     | Found a transporter.
  9876 | D:10     | Found a staircase to the Lair.
  9909 | D:10     | Noticed a boulder beetle
  9980 | D:11     | Reached skill level 14 in Unarmed Combat
  9994 | D:11     | Found Dilut's Antique Weapon Emporium.
 10010 | D:11     | Noticed Psyche
 10017 | D:11     | Killed Psyche
 10017 | D:11     | Noticed Maurice
 10029 | D:11     | Maurice stole a maw talisman
 10033 | D:11     | Killed Maurice
 10106 | D:11     | Noticed a boulder beetle
 10152 | D:11     | Killed a boulder beetle
 10209 | D:11     | Noticed a white ugly thing
 10234 | D:11     | Killed a white ugly thing
 10282 | D:11     | Noticed Lodul
 10345 | D:10     | Killed a boulder beetle
 10422 | D:10     | Found a hazy altar of Hepliaklqana.
 10794 | Lair:1   | Entered Level 1 of the Lair of Beasts
 10802 | Lair:1   | Reached skill level 5 in Fighting
 10802 | Lair:1   | Reached skill level 15 in Unarmed Combat
 10916 | Lair:1   | Noticed Prince Ribbit
 10921 | Lair:1   | Killed Prince Ribbit
 10924 | Lair:1   | Reached XP level 12. HP: 111/111 MP: 11/11
 10925 | Lair:1   | Noticed Jeremiah
 10971 | Lair:1   | Killed Jeremiah
 10993 | Lair:1   | Reached skill level 16 in Unarmed Combat
 11486 | Lair:2   | You fall into a shaft and drop 2 floors!
 11770 | Lair:3   | Reached skill level 17 in Unarmed Combat
 12194 | Lair:2   | Found a hole to the Spider Nest.
 12375 | Lair:2   | Found a runed translucent door.
 12376 | Lair:2   | Noticed Ukamephe's ghost (journeyman MiFi)
 12593 | Lair:2   | Reached skill level 1 in Throwing
 13161 | Lair:3   | Reached XP level 13. HP: 120/120 MP: 12/12
 13803 | Lair:3   | Found a staircase to the Swamp.
 13812 | Swamp:1  | Entered Level 1 of the Swamp
 13814 | Swamp:1  | Noticed an eleionoma
 14194 | Lair:4   | Reached skill level 18 in Unarmed Combat
 14935 | Lair:5   | Entered Level 5 of the Lair of Beasts
 14986 | Lair:4   | HP: 4/120 [black mamba (16)]
 15308 | D:5      | Found a shadowy altar of Dithmenos.
 15353 | D:5      | Found a blossoming altar of Fedhas.
 15568 | D:5      | Found an ornate altar of the Wu Jian Council.
 15575 | D:5      | Became a worshipper of the Wu Jian Council
 15984 | D:11     | Killed Lodul
 16406 | D:12     | Noticed Rupert
 16461 | D:11     | HP: 3/120 [Rupert/+2 great sword of holy wrath (27)]
 16713 | Spider:1 | Entered Level 1 of the Spider Nest
 17294 | Spider:1 | Reached skill level 19 in Unarmed Combat
 17612 | Lair:5   | Reached * piety under Wu Jian
 17877 | Lair:5   | Reached XP level 14. HP: 128/131 MP: 13/13
 17925 | Lair:5   | Found a staircase to the Slime Pits.
 17926 | Lair:5   | Found a viscous altar of Jiyva.
 18297 | Lair:5   | Reached skill level 20 in Unarmed Combat
 18328 | Lair:5   | Reached ** piety under Wu Jian
 18823 | Lair:5   | Identified the +8 war axe of Malaise {elec, *Corrode Int+3
                  | Dex+3}
 18927 | Slime:1  | Entered Level 1 of the Pits of Slime
 18927 | Slime:1  | Noticed a formless jellyfish
 18927 | Slime:1  | Noticed a quicksilver ooze
 19129 | Lair:2   | Killed Ukamephe's ghost
 19197 | Lair:2   | HP: 6/196 [culicivora[a torpor snail] (14)]
 19747 | D:12     | Noticed Nergalle
 19756 | D:12     | Killed Nergalle
 19848 | D:12     | Found a staircase to the Orcish Mines.
 19857 | Orc:1    | Entered Level 1 of the Orcish Mines
 20259 | D:13     | Found a gate to the Vaults.
 20346 | D:13     | Reached *** piety under Wu Jian
 20364 | D:12     | Slain by a vault guard

Illustrated notes

Levels and vault maps discovered:
D:1:      dpeg_arrival_shelter, layout_basic, chequers_ecumenical_altar_twisty,
          minmay_tromino_mix6
D:2:      layout_loops_ring, serial_shops, shop,
          nicolae_shop_just_a_little_nook, nicolae_diamond_shop,
          nicolae_shop_tiny_statue_garden, shop, grunt_ministairs_2,
          uniq_natasha
D:3:      layout_basic, minmay_tree_intersection, goddamned_bats, uniq_ijyb,
          uniq_robin
D:4:      layout_basic, mainiacjoe_overflow_paths, grunt_ministairs_7,
          uniq_blork_the_orc
D:5:      wad_crossroads, layout_layer_cave, mainiacjoe_overflow_tiny_flanked,
          nicolae_wu_jian_wuxing_cycle, fedhas_bush_and_centaur_altar
D:6:      layout_basic, nicolae_qazlal_eye_of_the_storm,
          nicolae_ru_the_path_less_chosen, minmay_temple_entry_nine_rooms,
          gammafunk_ghost_stat_death, uniq_sigmund
D:7:      layout_layer_cave, grunt_ministairs_3,
          nicolae_shop_distant_corner_stores
D:8:      layout_rooms, gammafunk_temple_overflow_claw, enter_bailey_3
D:9:      layout_cave_pools, lemuel_round_altar, ebering_ghost_disaster_area,
          nicolae_wand_duel, supply_closet_lemuel
D:10:     layout_loops_cross, nzn_hepliaklqana_mist_gate, lair_entry_dummy,
          serial_shops, shop, gammafunk_ghost_arena
D:11:     layout_cave_pools, serial_shops, shop, uniq_psyche, uniq_maurice,
          uniq_lodul
D:12:     layout_basic, orc_0_dummy, uniq_nergalle, uniq_rupert
D:13:     layout_long_grid, erik_vaults_2, minmay_the_grid_2x2
          [minmay_the_grid_minigrid_small_alt, minmay_the_grid_broken_lines,
          minmay_the_grid_dragon_a,
          minmay_the_grid_prize_four_corners_diamond_b]
Temple:   nicolae_temple_ecumenical_triangle
Lair:1:   layout_misc_corridors, grunt_megastairs_3, uniq_jeremiah,
          uniq_prince_ribbit2
Lair:2:   layout_chaotic_city, spider_nest_entry_rubble,
          ebering_ghost_reflecting_pool
Lair:3:   layout_loops_ring, minmay_swamp_entry_worms,
          nicolae_lair_run_with_the_wolves
Lair:4:   layout_gridlike, grunt_megastairs_4, lemuel_fruit_tree
Lair:5:   evilmike_catoblepas_cave, layout_regular_city, slime_entry_1,
          grunt_megastairs_1
Swamp:1:  layout_basic_swamp, evilmike_swamp_ruin_house_2,
          nicolae_swamp_well_well_well, swamp_pool_4
Spider:1: layout_spider_delve, nicolae_spider_swamp_cousins
Spider:2: layout_spider_delve, nicolae_spider_webbed_stairs
Spider:3: layout_spider_delve, hellmonk_motheaten_closet
Slime:1:  layout_caves
Orc:1:    layout_diamond_mine, serial_shops, shop

Skill      XL: |  1  2  3  4  5  6  7  8  9 10 11 12 13 14 |
---------------+-------------------------------------------+-----
Shields        | 3 4 5 6 7 8 9 |  9.2
Unarmed Combat | 3 4 5 7 9 11 13 15 17 19 20 | 20.9
Dodging        | 3 4 5 6 |  6.9
Fighting       | 3 4 5 6 |  6.8
Evocations     | 1 2 3 |  3.5
Throwing       | 2 |  2.4

Action                     |  1- 3 |  4- 6 |  7- 9 | 10-12 | 13-15 || total
---------------------------+-------+-------+-------+-------+-------++-------
  Melee: Unarmed           |    87 |   181 |   304 |   626 |   537 ||  1735
  Throw: Throwing net      |       |       |     1 |     1 |     1 ||     3
Ability: Lunge             |       |       |       |       |    23 ||    23
         Whirlwind         |       |       |       |       |     9 ||     9
    Use: Potion            |       |       |     3 |     2 |     5 ||    10
         Scroll            |       |       |     7 |     4 |     7 ||    18
   Stab: Held in net/web   |       |       |       |       |     1 ||     1
         Petrified         |       |       |       |       |     2 ||     2
 Armour: Robe              |    57 |    10 |       |       |       ||    67
         Troll leather arm |       |   136 |   200 |   461 |   334 ||  1131
         Acid dragon scale |       |       |       |       |    16 ||    16
         Skin              |       |       |       |       |    13 ||    13
  Dodge: Dodged            |    35 |   104 |   114 |   227 |   136 ||   616
  Block: Kite shield       |    43 |   103 |   144 |   316 |   197 ||   803
